 Dungeon Crawl Stone Soup version 0.31.0-11-ge490571c62 (webtiles) character file.

Game seed: 4049072361453823731

144323 SnakkuSnakku7 the Metamorph (level 17, -10/138 HPs)
             Began as a Merfolk Conjurer on Jan 31, 2024.
             Was the Champion of Okawaru.
             Mangled by a six-headed hydra simulacrum (19 damage)
             ... on level 4 of the Swamp.
             The game lasted 00:44:37 (30182 turns).

SnakkuSnakku7 the Metamorph (Merfolk Conjurer)     Turns: 30182, Time: 00:44:38

Health: -10/138    AC: 16    Str: 14    XL:     17   Next: 39%
Magic:  25/25      EV: 11    Int: 18    God:    Okawaru [******]
Gold:   1790       SH:  0    Dex: 19    Spells: 19/19 levels left

rFire   + .          .
                       - Unarmed
rCold   . . .        (shield currently unavailable)
rNeg    . . .        z - +1 plate armour {rF+}
rPois   .            v - +1 helmet
rElec   .            m - +0 cloak
rCorr   .            j - melded +0 pair of gloves
SInv    .            B - melded +4 pair of boots of Bespelled Curiosity {rC+}
Will    +....        i - amulet of regeneration Stlth
                     y - +6 ring of dexterity
HPRegen 1.23/turn    G - +4 ring of slaying
MPRegen 0.19/turn

%: inaccuracy (-5)
@: blade hands, very quick
A: no stealth, inability to use devices, hated by all, unskilled 1, missing an
eye, nimble swimmer 2, mertail
a: Begin Untransformation, Renounce Religion, Heroism, Finesse, Duel, Receive
Weapon


You were on level 4 of the Swamp.
You worshipped Okawaru.
Okawaru was exalted by your worship.
You had blades for hands.
You visited 5 branches of the dungeon, and saw 27 of its levels.
You also visited: Sewer and Ossuary.

You collected 2957 gold pieces.
You spent 1167 gold pieces at shops.

Inventory:

Missiles
 C - 2 throwing nets
 H - 11 curare-tipped darts
Armour
 j - a +0 pair of gloves (melded)
 m - a +0 cloak (worn)
 v - a +1 helmet (worn)
 z - a +1 plate armour of fire resistance (worn)
 B - the +4 pair of boots of Bespelled Curiosity (melded) {rC+}
   (Okawaru gifted it to you on level 2 of the Swamp)

   rC+:       It protects you from cold.
Jewellery
 f - a ring of ice
 h - a ring of see invisible
 i - an amulet of regeneration (around neck)
 u - a ring of wizardry
 x - a ring of willpower
 y - a +6 ring of dexterity (left blade hand)
 F - a ring of positive energy
 G - a +4 ring of slaying (right blade hand)
 M - a ring of fire
Talismans
 k - a dragon-blood talisman
 A - a blade talisman (active)
Scrolls
 c - 7 scrolls of teleportation
 e - a scroll of blinking
 l - 6 scrolls of butterflies
 n - 2 scrolls of immolation
 p - 5 scrolls of fog
 s - 3 scrolls of poison
 D - a scroll of vulnerability
 E - a scroll of revelation
 K - a scroll of identify
Potions
 a - 3 potions of mutation
 b - 3 potions of magic
 d - 2 potions of haste
 g - 4 potions of enlightenment
 o - 4 potions of brilliance
 q - 3 potions of resistance
 r - 8 potions of curing
 t - a potion of berserk rage
 w - 5 potions of attraction
 I - a potion of might
 J - a potion of invisibility
 N - 4 potions of lignification
 O - 7 potions of heal wounds


   Skills:
 - Level 13.8 Fighting
 + Level 4.5 Armour
 - Level 13.8 Dodging
 - Level 13.8 Unarmed Combat
 - Level 1.7 Spellcasting
 - Level 2.9 Conjurations
 - Level 11.2 Invocations
 - Level 19.0 Shapeshifting


You had 19 spell levels left.
You didn't know any spells.
Your spell library contained the following spells:

 Spells                   Type           Power      Damage    Failure   Level
 Magic Dart               Conj           48%        1d5       99%         1
 Apportation              Tloc           2%         N/A       100%        1
 Foxfire                  Conj/Fire      24%        2x1d5     100%        1
 Sandblast                Erth           2%         2d4       100%        1
 Blink                    Tloc           2%         N/A       100%        2
 Cigotuvi's Dreadful Rot  Necr/Alch/Air  2%         N/A       100%        2
 Jinxbite                 Hex            2%         N/A       100%        2
 Searing Ray              Conj           24%        2d5       100%        2
 Ozocubu's Armour         Ice            1%         N/A       100%        3
 Passwall                 Erth           1%         N/A       100%        3
 Stone Arrow              Conj/Erth      12%        3d7       100%        3
 Volatile Blastmotes      Fire/Tloc      2%         2d10      100%        3
 Anguish                  Hex/Necr       0%         N/A       100%        4
 Brom's Barrelling Bould  Conj/Erth      6%         2d3       100%        4
 Cause Fear               Hex            0%         N/A       100%        4
 Fulminant Prism          Conj/Alch      3%         3d5       100%        4
 Ignite Poison            Fire/Alch      1%         N/A       100%        4
 Iskenderun's Mystic Bla  Conj/Tloc      6%         2d4       100%        4
 Manifold Assault         Tloc           1%         N/A       100%        4
 Alistair's Intoxication  Alch           0%         N/A       100%        5
 Freezing Cloud           Conj/Ice/Air   2%         6-21      100%        5
 Metabolic Englaciation   Hex/Ice        0%         N/A       100%        5
 Dispersal                Tloc           0%         N/A       100%        6
 Eringya's Noxious Bog    Alch           0%         4d6       100%        6
 Enfeeble                 Hex            0%         N/A       100%        7
 Borgnjor's Revivificati  Necr           0%         N/A       100%        8
 Disjunction              Tloc           0%         N/A       100%        8
 Death's Door             Necr           0%         N/A       100%        9
 Fire Storm               Conj/Fire      3%         8d1       100%        9
 Call Imp                 Summ           Unusable   N/A       N/A         2
 Summon Ice Beast         Ice/Summ       Unusable   N/A       N/A         3
 Summon Forest            Summ/Tloc      Unusable   N/A       N/A         5
 Summon Mana Viper        Hex/Summ       Unusable   N/A       N/A         5
 Sculpt Simulacrum        Ice/Alch       Unusable   N/A       N/A         6
 Haunt                    Necr/Summ      Unusable   N/A       N/A         7
 Monstrous Menagerie      Summ           Unusable   N/A       N/A         7
 Summon Hydra             Summ           Unusable   N/A       N/A         7
 Summon Horrible Things   Summ           Unusable   N/A       N/A         8

Dungeon Overview and Level Annotations

Branches:
Dungeon (15/15)            Temple (1/1) D:4            Lair (5/5) D:11
  Swamp (4/4) Lair:3       Spider (0/4) Lair:3        Slime (0/5) Lair:4
    Orc (2/2) D:12            Elf (0/3) Orc:2        Vaults (0/5) D:14
 Depths (0/4) D:15          Sewer (visited)         Ossuary (visited)

Altars:
Ashenzari
Cheibriados
Dithmenos
Elyvilon
Gozag
Kikubaaqudgha
Makhleb
Nemelex Xobeh
Okawaru
Qazlal
Ru
Sif Muna
Trog
Uskayaw
Vehumet
Wu Jian
Xom
Zin
The Shining One

Shops:
D:8 *   D:9 [   Orc:2 !*=*[

Portals:
Pandemonium: Orc:2
Trove: D:13 (give 11 potions of heal wounds)

Annotations:
Lair:4 exclusion: oklob plant


Innate Abilities, Weirdness & Mutations

You have blades for hands.
You are incapable of wielding weapons or throwing items.
You cannot be stealthy.
You cannot study or use magical devices.
You are hated by all.
You are somewhat unskilled. (-1 Apt)
You are missing an eye, making it more difficult to aim.
You are very nimble when in or above water. (Stealth+, EV+, Speed+++)
Your lower body shifts to a powerful aquatic tail in water.


Message History

Your legs become a tail as you enter the water.
The +4 pair of boots of Bespelled Curiosity {rC+} melds into your body.
The +4 pair of boots of Bespelled Curiosity {rC+} unmelds from your body.
There is a stone staircase leading down here.
You climb downwards.
There is a stone staircase leading up here.
Unknown command.
You slash the seven-headed hydra simulacrum!
The seven-headed hydra simulacrum is moderately damaged.
Unknown command.
You shred the seven-headed hydra simulacrum!!!
The seven-headed hydra simulacrum vaporises!
Okawaru accepts your kill.
Unknown command.
Your legs become a tail as you enter the water.
The +4 pair of boots of Bespelled Curiosity {rC+} melds into your body.
The six-headed hydra simulacrum bites you but does no damage.
The six-headed hydra simulacrum closely misses you.
The six-headed hydra simulacrum bites you.
The six-headed hydra simulacrum freezes you!!
The six-headed hydra simulacrum barely misses you.
The six-headed hydra simulacrum bites you.
The six-headed hydra simulacrum freezes you!!
The six-headed hydra simulacrum bites you.
The six-headed hydra simulacrum freezes you!!!
* * * LOW HITPOINT WARNING * * *
You are too injured to fight recklessly!
You are too injured to fight recklessly!
The six-headed hydra simulacrum attacks as it pursues you!
The six-headed hydra simulacrum closely misses you.
The six-headed hydra simulacrum bites you but does no damage.
The six-headed hydra simulacrum bites you.
* * * LOW HITPOINT WARNING * * *
The six-headed hydra simulacrum freezes you!!
* * * LOW HITPOINT WARNING * * *
The six-headed hydra simulacrum barely misses you.
The six-headed hydra simulacrum bites you!
* * * LOW HITPOINT WARNING * * *
The six-headed hydra simulacrum freezes you!!
You die...

♣...♣♣♣♣♣♣♣♣♣♣♣♣♣♣♣♣♣.§.~~.~~~♣♣♣
♣....[♣♣.........♣ ♣♣..~..♣♣.♣♣♣
♣.~§~~~♣.♣♣♣♣♣♣♣.♣ ♣♣..~~~^~.♣♣..
♣~~.~.♣♣.♣ ♣.♣♣♣~§~~....~...♣
♣~~..†...♣ ♣..♣♣~~~♣♣♣~~...)♣
♣♣~......♣ ♣♣♣...~~.~..♣Z.Z.Z.♣
♣..~~.†♣...♣ ♣<°~...~<.....~♣♣♣..
♣~§....[~~.♣ ♣.~Z.~.....~~~♣♣ ♣♣♣
♣♣~~....~...♣♣~~@~~...~.~~~~... ♣
♣~.~.....~.♣♣~.~.÷♣...~~~§.~~~~
♣~..~~~.~~..♣♣♣~..♣..~.~~~~~§~§~~
♣..~....~.~♣♣♣~~.).~~~~~~~~~~~~~~
♣♣~.~.~.~.♣.♣.~..~..~~~~..~~~~~~.
....~.♣♣~.♣♣..~~~...~
.....~.♣♣♣♣♣ .~.♣ .~~..~.~. ..


You could see a six-headed hydra simulacrum.

Vanquished Creatures
  Jorgrun (Orc:1)
  Frances (D:12)
  Donald (Swamp:3)
  5 eleionomae
  A stone giant (D:15)
  4 bunyips
  Josephine (D:12)
  Snorg (Lair:4)
  An entropy weaver (D:14)
  A vault guard (D:14)
  5 centaur warriors
  A rakshasa (D:14)
  2 demonspawn (Orc:2)
  7 alligators
  A catoblepas (Lair:5)
  An ogre mage (D:15)
  15 hydras
  3 ghost crabs
  3 boulder beetles
  A tengu warrior (D:15)
  A deep troll shaman (Lair:5)
  11 two-headed ogres
  An occultist (D:15)
  Urug (D:13)
  8 death yaks
  A demonic crawler (Lair:3)
  9 orc high priests
  Sonja (D:12)
  Nergalle (D:11)
  4 goliath frogs
  7 bog bodies
  4 spriggan druids
  3 swamp dragons
  4 orc knights (Orc:2)
  A phantasmal warrior (Swamp:4)
  3 orc sorcerers (Orc:2)
  2 wolf spider zombies (D:9)
  A necromancer (D:15)
  A deep elf pyromancer (D:11)
  5 will-o-the-wisps
  An oklob plant (Lair:1)
  2 manticores
  10 ugly things (D:14)
  6 cyclopes
  21 elephants
  4 black mambas
  Joseph (D:8)
  4 kobold blastminers (Orc:1)
  A centaur zombie (D:9)
  Maggie (D:7)
  10 cane toads
  A cane toad (shapeshifter) (D:13)
  An orange demon (Orc:2)
  4 rime drakes
  2 centaur skeletons (D:9)
  2 efreet (D:13)
  9 komodo dragons
  2 freezing wraiths
  An ice devil (Orc:2)
  2 tengu conjurers (D:15)
  A hydra zombie (Swamp:4)
  7 tyrant leeches
  3 trolls
  2 hellwings
  12 hornets
  3 polar bears (Lair:5)
  Grinder (D:4)
  18 blink frogs
  15 slime creatures
  10 dream sheep
  A vampire (D:9)
  16 spriggans
  5 wraiths
  57 yaks
  4 wyverns
  A ynoxinul (Orc:2)
  Grum (D:9)
  7 basilisks
  A human (D:12)
  3 wargs
  A steam dragon (D:8)
  A chaos spawn (Orc:2)
  18 vampire mosquitoes
  3 acid dragons
  A hydra simulacrum (Swamp:4)
  17 swamp worms
  13 water moccasins
  23 orc warriors
  2 ice beasts (D:6)
  A sky beast (D:7)
  5 black bears
  5 swamp drakes
  9 ogres
  15 wolves
  19 centaurs
  2 phantoms
  14 bullfrogs
  3 kobold brigands
  Blork the orc (D:6)
  2 gnoll sergeants
  4 scorpions
  17 killer bees
  4 howler monkeys
  A bombardier beetle (D:5)
  3 hounds
  29 orc priests
  A gnoll bouda (D:9)
  3 sleepcaps
  18 orc wizards
  An iguana (D:6)
  6 hell rats (Lair:2)
  8 mummies (Ossuary)
  13 gnolls
  2 river rats (D:5)
  23 adders
  4 shadow imps
  A white imp (D:6)
  4 ribbon worms
  7 dart slugs
  53 orcs
  2 bats
  16 endoplasms
  24 giant cockroaches
  3 gnoll zombies (Ossuary)
  8 goblins
  3 hobgoblins
  A quokka (D:3)
  11 ball pythons
  15 frilled lizards
  3 hobgoblin zombies (Ossuary)
  25 kobolds
  2 kobold zombies (Ossuary)
  10 rats
858 creatures vanquished.

Vanquished Creatures (others)
  A dire elephant (Lair:5)
  2 bloated husks
  An orc (D:12)
  6 foxfires
10 creatures vanquished.

Grand Total: 868 creatures vanquished

Notes
Turn   | Place    | Note
-------+----------+-------------------------------------------
     0 | D:1      | SnakkuSnakku7 the Merfolk Conjurer began the quest for the
                  | Orb.
     0 | D:1      | Reached XP level 1. HP: 13/13 MP: 3/3
   193 | D:1      | Reached skill level 1 in Fighting
   193 | D:1      | Reached skill level 1 in Unarmed Combat
   215 | D:1      | Reached XP level 2. HP: 21/21 MP: 1/5
   643 | D:2      | Reached XP level 3. HP: 17/27 MP: 1/6
  1219 | D:2      | Reached XP level 4. HP: 23/34 MP: 7/7
  1528 | D:3      | Reached skill level 1 in Shapeshifting
  1886 | D:3      | Reached skill level 2 in Shapeshifting
  1930 | D:3      | Reached XP level 5. HP: 10/39 MP: 0/8
  2362 | D:4      | Noticed a phantom
  2432 | D:4      | Found an opulent altar of Gozag.
  2485 | D:4      | Found a sand-covered staircase.
  2494 | Ossuary  | Entered an ossuary
  2709 | Ossuary  | Reached skill level 3 in Shapeshifting
  2998 | Ossuary  | Reached XP level 6. HP: 43/46 MP: 1/9
  3315 | D:4      | Found a staircase to the Ecumenical Temple.
  3327 | D:4      | Noticed a black bear
  3349 | D:4      | Killed a black bear
  3350 | D:4      | Reached skill level 4 in Shapeshifting
  3360 | Temple   | Entered the Ecumenical Temple
  3368 | D:4      | Noticed Grinder
  3386 | D:4      | Paralysed by Grinder for 2 turns
  3398 | D:4      | Paralysed by Grinder for 5 turns
  3420 | D:4      | Killed Grinder
  3421 | D:4      | Reached skill level 5 in Unarmed Combat
  3421 | D:4      | Reached skill level 5 in Shapeshifting
  3421 | D:4      | Reached XP level 7. HP: 20/51 MP: 0/10
  3861 | D:4      | Reached skill level 6 in Shapeshifting
  4076 | D:5      | Entered Level 5 of the Dungeon
  4466 | D:5      | Found a glowing drain.
  4493 | D:5      | Reached XP level 8. HP: 45/57 MP: 11/11
  4508 | Sewer    | Entered a sewer
  4801 | Sewer    | Reached skill level 7 in Shapeshifting
  4998 | D:5      | Found a glowing golden altar of the Shining One.
  5018 | D:5      | Found a sacrificial altar of Ru.
  5045 | D:5      | Found a shimmering blue altar of Sif Muna.
  5769 | D:5      | Reached skill level 8 in Shapeshifting
  6248 | D:6      | Noticed Blork the orc
  6659 | D:6      | Reached XP level 9. HP: 62/62 MP: 12/12
  6822 | D:6      | Killed Blork the orc
  6823 | D:6      | Reached skill level 9 in Shapeshifting
  7861 | D:7      | Noticed Maggie
  7882 | D:7      | Killed Maggie
  7928 | D:7      | Noticed a hornet
  7938 | D:7      | Killed a hornet
  7939 | D:7      | Reached skill level 10 in Shapeshifting
  8279 | D:7      | Reached skill level 10 in Unarmed Combat
  8468 | D:7      | Reached skill level 11 in Shapeshifting
  8784 | D:7      | Reached XP level 10. HP: 39/68 MP: 13/13
  9000 | D:7      | Reached skill level 12 in Shapeshifting
  9218 | D:8      | Noticed Joseph
  9710 | D:8      | Reached skill level 13 in Shapeshifting
  9726 | D:8      | Killed Joseph
  9929 | D:8      | Found Ichys Otroi's Assorted Antiques.
  9938 | D:8      | Bought a pair of embroidered boots for 150 gold pieces
 10368 | D:8      | Found a white marble altar of Elyvilon.
 10368 | D:8      | Found a stormy altar of Qazlal.
 10427 | D:9      | Reached skill level 14 in Shapeshifting
 10448 | D:9      | Noticed a two-headed ogre
 10455 | D:9      | Killed a two-headed ogre
 10486 | D:9      | Noticed a two-headed ogre
 10759 | D:9      | Reached skill level 15 in Shapeshifting
 10849 | D:9      | Reached XP level 11. HP: 73/73 MP: 14/14
 10874 | D:8      | Reached skill level 16 in Shapeshifting
 11267 | D:9      | Reached skill level 5 in Fighting
 11332 | D:9      | Found Egrihota's Antique Armour Shoppe.
 11464 | D:9      | Identified the amulet "Hetahiom" {-Cast Regen+ rCorr Str+6
                  | Slay-6}
 11629 | D:9      | Killed a two-headed ogre
 11669 | D:9      | Noticed Grum
 11679 | D:9      | Killed Grum
 11994 | D:5      | Became a worshipper of Ru the Awakened
 12120 | D:10     | Entered Level 10 of the Dungeon
 12574 | D:10     | Found a glowing silver altar of Zin.
 12949 | D:11     | Noticed Nergalle
 12961 | D:11     | Killed Nergalle
 12962 | D:11     | Reached skill level 10 in Fighting
 12969 | D:11     | Noticed a boulder beetle
 13093 | D:11     | Killed a boulder beetle
 13094 | D:11     | Reached XP level 12. HP: 97/97 MP: 15/15
 13173 | D:11     | Reached skill level 5 in Dodging
 13177 | D:11     | Noticed a two-headed ogre
 13182 | D:11     | Killed a two-headed ogre
 13471 | D:11     | Noticed a two-headed ogre
 13493 | D:11     | Killed a two-headed ogre
 13527 | D:11     | You are sucked into a shaft and drop 3 floors!
 13527 | D:14     | Found a glowing silver altar of Zin.
 13536 | D:14     | Gained mutation: You are missing an eye, making it more
                  | difficult to aim. [Ru sacrifice]
 13536 | D:14     | Reached * piety under Ru
 13544 | D:14     | Noticed a centaur warrior
 13770 | D:14     | Noticed a vault guard
 13771 | D:14     | Noticed an entropy weaver
 13771 | D:14     | Noticed an eight-headed hydra
 13819 | D:14     | Noticed a centaur warrior
 13830 | D:14     | Killed a centaur warrior
 13831 | D:14     | Reached skill level 10 in Dodging
 13927 | D:14     | Noticed a rakshasa
 14207 | D:13     | Found a portal to a secret trove of treasure.
 14208 | D:13     | Noticed a six-headed hydra
 14215 | D:13     | Killed a six-headed hydra
 14373 | D:12     | Noticed Frances
 14387 | D:12     | Killed Frances
 14389 | D:12     | Noticed Josephine
 14520 | D:12     | Killed Josephine
 14793 | D:12     | Noticed a boulder beetle
 14818 | D:13     | Killed a boulder beetle
 14819 | D:13     | Reached XP level 13. HP: 67/103 MP: 16/16
 15296 | D:11     | Found a staircase to the Lair.
 15366 | D:11     | Reached skill level 15 in Dodging
 15616 | Lair:1   | Entered Level 1 of the Lair of Beasts
 15670 | Lair:1   | You are sucked into a shaft and drop 1 floor!
 16011 | Lair:1   | Gained mutation: You are hated by all. [Ru sacrifice]
 16011 | Lair:1   | Reached ** piety under Ru
 16011 | Lair:1   | Reached *** piety under Ru
 17649 | Lair:3   | Found a hole to the Spider Nest.
 17925 | Lair:3   | Found a staircase to the Swamp.
 17997 | Lair:3   | Gained mutation: You cannot be stealthy. [Ru sacrifice]
 18251 | Lair:3   | Reached XP level 14. HP: 110/110 MP: 17/17
 18937 | Lair:4   | Noticed Snorg
 18943 | Lair:4   | Killed Snorg
 19007 | Lair:4   | Reached skill level 15 in Unarmed Combat
 19565 | Lair:4   | Reached skill level 17 in Shapeshifting
 19746 | Lair:4   | Found a staircase to the Slime Pits.
 19798 | Lair:5   | Entered Level 5 of the Lair of Beasts
 20034 | Lair:5   | Gained mutation: You cannot study or use magical devices.
                  | [Ru sacrifice]
 20034 | Lair:5   | Reached **** piety under Ru
 20034 | Lair:5   | Reached ***** piety under Ru
 20236 | Lair:5   | Reached skill level 18 in Shapeshifting
 20558 | Lair:5   | Reached skill level 19 in Shapeshifting
 20934 | Lair:5   | Reached XP level 15. HP: 118/118 MP: 18/18
 21458 | D:12     | Found a staircase to the Orcish Mines.
 21803 | D:12     | Noticed Sonja
 21806 | D:12     | Killed Sonja
 22614 | D:13     | Found an ornate altar of the Wu Jian Council.
 22679 | D:13     | Noticed Urug
 22689 | D:13     | Killed Urug
 22690 | D:13     | Gained mutation: You are somewhat unskilled. (-1 Apt) [Ru
                  | sacrifice]
 22690 | D:13     | Reduced skill Spellcasting to level 1
 22690 | D:13     | Reduced skill Shapeshifting to level 17
 22690 | D:13     | Reached ****** piety under Ru
 22875 | Temple   | Fell from the grace of Ru
 22875 | Temple   | Became a worshipper of Warmaster Okawaru
 23053 | Orc:1    | Entered Level 1 of the Orcish Mines
 23085 | Orc:1    | Reached skill level 1 in Invocations
 23366 | Orc:1    | Noticed Jorgrun
 23376 | Orc:1    | Killed Jorgrun
 23376 | Orc:1    | Reached * piety under Okawaru
 23437 | Orc:2    | Entered Level 2 of the Orcish Mines
 23531 | Orc:2    | Found Hinyss's Distillery.
 23535 | Orc:2    | Bought 2 potions of heal wounds for 170 gold pieces
 23535 | Orc:2    | Bought 2 potions of heal wounds for 170 gold pieces
 23535 | Orc:2    | Bought a potion of curing for 51 gold pieces
 23535 | Orc:2    | Bought a potion of curing for 51 gold pieces
 23766 | Orc:2    | Found Hosaer's General Store.
 23775 | Orc:2    | Found Ileott's General Store.
 23841 | Orc:2    | Reached ** piety under Okawaru
 23853 | Orc:2    | Reached skill level 5 in Invocations
 24314 | Orc:2    | Bought a scroll of fog for 52 gold pieces
 24314 | Orc:2    | Bought a scroll of noise for 13 gold pieces
 24413 | Orc:2    | Reached *** piety under Okawaru
 24458 | Orc:2    | Found Okiecaid's Antique Armour Shop.
 24458 | Orc:2    | Found Ythralea's Jewellery Boutique.
 24458 | Orc:2    | Found a one-way gate leading to the halls of Pandemonium.
 24462 | Orc:2    | Bought an amulet of regeneration for 510 gold pieces
 24738 | Orc:2    | Found a staircase to the Elven Halls.
 25309 | D:14     | Reached **** piety under Okawaru
 25437 | D:14     | Reached XP level 16. HP: 127/127 MP: 22/22
 25532 | D:14     | Found a gate to the Vaults.
 25886 | D:14     | Reached ***** piety under Okawaru
 26175 | D:15     | Entered Level 15 of the Dungeon
 26215 | D:15     | Found a staircase to the Depths.
 26222 | D:15     | Reached skill level 10 in Invocations
 26491 | D:15     | Found an iron altar of Okawaru.
 27369 | Swamp:1  | Entered Level 1 of the Swamp
 27484 | Swamp:1  | Received a gift from Okawaru
 27675 | Swamp:1  | Reached skill level 18 in Shapeshifting
 28316 | Swamp:2  | Received a gift from Okawaru
 28319 | Swamp:2  | Reached skill level 19 in Shapeshifting
 28357 | Swamp:2  | Got the Codex of Phantasmal Embers
 28584 | Swamp:3  | Noticed Donald
 28857 | Swamp:3  | Reached XP level 17. HP: 137/137 MP: 25/25
 28876 | Swamp:3  | Killed Donald
 29027 | Swamp:3  | Reached ****** piety under Okawaru
 29082 | Swamp:2  | Acquired the +4 pair of boots of Bespelled Curiosity {rC+}
 29082 | Swamp:2  | Received a gift from Okawaru
 29180 | Swamp:3  | Reached skill level 1 in Armour
 29328 | Swamp:2  | Received a gift from Okawaru
 29462 | Swamp:3  | Identified the +3 flail of Defiance {flame, Dex+4}
 29711 | Swamp:4  | Entered Level 4 of the Swamp
 30073 | Swamp:4  | Received a gift from Okawaru
 30182 | Swamp:4  | Mangled by a six-headed hydra simulacrum

Illustrated notes

Levels and vault maps discovered:
D:1:      tarquinn_simple_flora_water_d, layout_basic
D:2:      minmay_roachtagon, layout_loops_ring
D:3:      layout_basic, chequers_big_river, kennysheep_potato
D:4:      layout_basic, grunt_gozag_breadcrumbs,
          minmay_temple_entry_statues_fountains, enter_ossuary_3, uniq_grinder
D:5:      layout_gridville, mainiacjoe_overflow_cross_hatched,
          mainiacjoe_overflow_alcove_1, kennysheep_mini_moat,
          portal_sewer_entry_c
D:6:      minmay_diamond_boxcup, layout_layer_cave, uniq_blork_the_orc
D:7:      layout_loops_cross, uniq_maggie
D:8:      layout_loops_cross, gammafunk_temple_overflow_statue, serial_shops,
          nicolae_shop_overgrown_old_shop, grunt_ministairs_9,
          nrook_mini_backslash, uniq_joseph
D:9:      cheibrodos_grave_circle, layout_rooms, serial_shops,
          kennysheep_little_box, minivault_11,
          serial_library_hellmonk_recessed_alcove, uniq_grum
D:10:     layout_loops_ring, mainiacjoe_overflow_surrounded_room
D:11:     layout_basic, lair_entry_dummy, uniq_nergalle
D:12:     layout_basic, erik_orc_4, uniq_sonja, uniq_josephine, uniq_frances
D:13:     layout_cave_pools, enter_trove_0, nzn_wu_jian_contemplation, uniq_urug
D:14:     layout_cave_pools, hellmonk_vaults_order_and_chaos,
          minmay_misc_feat_diagonals, zin_academy
D:15:     hangedman_depths_entry_civil_slaughter, layout_stronghold,
          hellmonk_okawaru_the_only_friend_you_need, serial_bayou_pond_d,
          lemuel_flame_loot_1
Temple:   nicolae_temple_superstar
Lair:1:   layout_regular_city, chequers_serial_rivers_micro_c,
          grunt_megastairs_4
Lair:2:   layout_loops_ring
Lair:3:   layout_layer_cave, mainiacjoe_swamp_entry_lozenge_pond,
          nicolae_spider_entry_non_spiders, serial_rivers,
          chequers_serial_rivers_micro_a, chequers_serial_rivers_micro_c,
          chequers_serial_rivers_small_b, chequers_serial_rivers_micro_a,
          chequers_serial_rivers_small_b
Lair:4:   layout_regular_city, minmay_slime_entry_oklob_enclosed, uniq_snorg
Lair:5:   grunt_lair_end_beastmaster, layout_misc_corridors, minivault_24
Swamp:1:  layout_basic_swamp, hangedman_swamp_blocks, nicolae_swamp_tree_isthmus
Swamp:2:  layout_falls_marsh, serial_swamp_ruin, evilmike_swamp_ruin_house_1,
          hangedman_swamp_ruin_wall, evilmike_swamp_ruin_rubble_1
Swamp:3:  layout_basic_swamp, evilmike_swamp_ruin_house_4, uniq_donald
Swamp:4:  byrel_swamp_growth_death_and_undeath, layout_basic_swamp,
          swamp_pool_1_2, nicolae_swamp_tree_designs, nicolae_swamp_triple_paths
Orc:1:    layout_caves, nicolae_orc_seminary, uniq_jorgrun
Orc:2:    pf_orc_diabolical, layout_diamond_mine, serial_shops,
          nicolae_shop_back_alley_shop

Skill      XL: |  1  2  3  4  5  6  7  8  9 10 11 12 13 14 15 16 17 |
---------------+----------------------------------------------------+-----
Fighting       | 1 2 10 11 12 13 | 13.8
Unarmed Combat | 1 2 3 4 5 6 8 10 14 15 13 | 13.8
Shapeshifting  | 2 3 5 6 8 11 15 16 19 17 19 | 19.0
Dodging        | 4 13 15 13 | 13.8
Stealth        | 0 |  0.0
Spellcasting   | 1 |  1.7
Conjurations   | 2 |  2.9
Invocations    | 8 11 | 11.2
Armour         | 4 |  4.5

Action                     |  1- 3 |  4- 6 |  7- 9 | 10-12 | 13-15 | 16-18 || total
---------------------------+-------+-------+-------+-------+-------+-------++-------
  Melee: Unarmed           |   154 |   260 |   518 |   416 |   858 |   433 ||  2639
         Punch             |     2 |     8 |    26 |    27 |    69 |    42 ||   174
         Tailslap          |       |     2 |    14 |    54 |   106 |    72 ||   248
         Bite              |       |       |       |    34 |    83 |    53 ||   170
   Cast: Magic Dart        |    25 |    74 |     7 |       |       |       ||   106
 Invoke: Sacrifice an Eye  |       |       |       |     1 |       |       ||     1
         Sacrifice Stealth |       |       |       |       |     1 |       ||     1
         Sacrifice Love    |       |       |       |       |     1 |       ||     1
         Sacrifice Artific |       |       |       |       |     1 |       ||     1
         Sacrifice Skill   |       |       |       |       |     1 |       ||     1
         Receive Armour    |       |       |       |       |       |     1 ||     1
Ability: Breathe Fire      |       |       |       |    14 |     6 |     6 ||    26
  Evoke: Wand              |       |     2 |    13 |     4 |       |       ||    19
    Use: Scroll            |       |     6 |     4 |     8 |    10 |     6 ||    34
         Potion            |       |     4 |     1 |     2 |       |       ||     7
   Stab: Sleeping          |     2 |     2 |     5 |       |     1 |       ||    10
         Paralysed         |       |     7 |    39 |       |     2 |       ||    48
         Invisible         |       |     3 |       |       |     1 |       ||     4
         Distracted        |       |       |     1 |       |     2 |     1 ||     4
         Petrified         |       |       |       |       |     5 |       ||     5
         Petrifying        |       |       |       |       |     1 |       ||     1
 Armour: Robe              |    90 |   116 |    93 |       |       |       ||   299
         Scale mail        |       |       |   224 |     5 |       |       ||   229
         Skin              |       |       |       |   384 |   586 |   395 ||  1365
         Plate armour      |       |       |       |       |       |     7 ||     7
  Dodge: Dodged            |    96 |   163 |   236 |   170 |   454 |   290 ||  1409
   Form: Blade             |       |       |     1 |       |     1 |     2 ||     4
         Dragon            |       |       |       |     2 |     1 |     2 ||     5
                           |       |       |       |     1 |       |     2 ||     3
